 Dungeon Crawl Stone Soup version 0.22.1-1-ga44c0e56f4 (webtiles) character file.

373 Kaderl the Cudgeler (level 7, -3/53 HPs)
             Began as a Human Monk on Oct 16, 2018.
             Slain by a gnoll
             ... wielding a cursed -3 spear
              (6 damage)
             ... on level 5 of the Dungeon.
             The game lasted 00:09:30 (4179 turns).

Kaderl the Cudgeler (Human Monk)                    Turns: 4179, Time: 00:09:31

Health: -3/53      AC:  7    Str: 14    XL:     7   Next: 3%
Magic:  16/16      EV: 11    Int: 10    God:
Gold:   177        SH:  0    Dex: 15    Spells: 6/6 levels left

rFire    . . .     SeeInvis .   m - +0 morningstar
rCold    . . .     Gourm    .   (no shield)
rNeg     . . .     Faith    .   p - +0 scale mail
rPois    .         Spirit   .   o - +0 helmet
rElec    .         Reflect  .   (no cloak)
rCorr    .         Harm     .   (no gloves)
MR       .....                  (no boots)
Stlth    +.........             (no amulet)
HPRegen  0.17/turn              j - ring of magical power
MPRegen  0.15/turn              (no ring)

@: lethally poisoned (-3 -> -13)
A: no striking features
a: no special abilities


You were on level 5 of the Dungeon.
You were not hungry.

You visited 1 branch of the dungeon, and saw 5 of its levels.

You collected 177 gold pieces.

Inventory:

Hand Weapons
 m - a +0 morningstar (weapon)
Armour
 o - a +0 helmet (worn)
 p - a +0 scale mail (worn)
Jewellery
 j - a ring of magical power (left hand)
 k - an uncursed ring of protection from fire
 q - an uncursed ring of positive energy {unknown}
Scrolls
 e - a scroll of teleportation
 h - 2 scrolls of remove curse
 n - a scroll of enchant armour {unknown}
Potions
 b - a potion of agility {unknown}
 d - a potion of resistance
 f - a potion of might {unknown}
 g - a potion of lignification
 i - a potion of mutation
 l - a potion of degeneration {unknown}
Comestibles
 c - 11 rations


   Skills:
 + Level 3.9 Fighting
 + Level 5.7 Maces & Flails
 + Level 2.1 Armour
 + Level 3.6 Dodging
 + Level 2.7 Stealth


You had 6 spell levels left.
You didn't know any spells.
Your spell library was empty.

Dungeon Overview and Level Annotations

Branches:
Dungeon (5/15)
 Temple: D:4-7

Altars:
Cheibriados
Gozag
Nemelex Xobeh
Ru


Message History

The gnoll is heavily wounded.
* * * LOW HITPOINT WARNING * * *
You feel sick. The gnoll hits you with a spear.
* * * LOW HITPOINT WARNING * * *
The gnoll barely misses you. The gnoll closely misses you.
You barely miss the gnoll.
The gnoll is heavily wounded.
* * * LOW HITPOINT WARNING * * *
You feel sick. The gnoll closely misses you.
The gnoll hits you but does no damage. x3
You hit the gnoll.
The gnoll is almost dead.
* * * LOW HITPOINT WARNING * * *
You feel sick. The gnoll barely misses you.
The gnoll hits you but does no damage.
You barely miss the gnoll.
The gnoll is almost dead.
* * * LOW HITPOINT WARNING * * *
You feel sick. The gnoll hits you with a spear.
You die...

.... ... #..##.. #..# ....
#..###. #...# ##.#..##
##..##.. ##...##..##..#
###.......
##.......###..###.........
#......)....#...........##
...#..##.>..............##
#.. #gg#..............#
... ##@###.............
.## #..##<)...#....##.
##.#.###.###..#### ##..##
#.# ###.#.. ##...## #.#
##### #.....#####
#......#..# ##..###.###
### ###


You could see 2 gnolls.

Vanquished Creatures
  An ogre (D:4)
  A crimson imp (D:5)
  A gnoll shaman (D:5)
  Terence (D:2)
  A worker ant (D:4)
  5 adders
  6 gnolls
  A worm (D:2)
  A dart slug (D:2)
  A leopard gecko (D:2)
  6 orcs
  A giant cockroach (D:1)
  9 goblins
  10 hobgoblins
  2 jackals (D:2)
  10 kobolds
  5 bats
  7 frilled lizards
  12 rats
81 creatures vanquished.

Notes
Turn   | Place    | Note
-------+----------+-------------------------------------------
     0 | D:1      | Kaderl the Human Monk began the quest for the Orb.
     0 | D:1      | Reached XP level 1. HP: 18/18 MP: 1/1
   231 | D:1      | Reached XP level 2. HP: 24/24 MP: 2/2
   631 | D:1      | Reached XP level 3. HP: 4/29 MP: 3/3
  1274 | D:2      | Noticed Terence
  1319 | D:2      | Reached skill level 4 in Maces & Flails
  1346 | D:2      | Reached XP level 4. HP: 17/35 MP: 4/4
  1920 | D:2      | Killed Terence
  2249 | D:2      | Reached XP level 5. HP: 41/41 MP: 5/5
  2264 | D:2      | Found a sparkling altar of Nemelex Xobeh.
  2589 | D:3      | Found a snail-covered altar of Cheibriados.
  2809 | D:3      | Found an opulent altar of Gozag.
  2976 | D:3      | Reached skill level 1 in Armour
  3004 | D:3      | Reached skill level 5 in Maces & Flails
  3183 | D:3      | Found a sacrificial altar of Ru.
  3187 | D:3      | Reached XP level 6. HP: 46/47 MP: 6/6
  3682 | D:4      | Noticed an ogre
  3692 | D:4      | Killed an ogre
  3864 | D:5      | Entered Level 5 of the Dungeon
  4166 | D:5      | Reached XP level 7. HP: 15/53 MP: 7/7
  4179 | D:5      | Slain by a gnoll

Skill      XL: |  1  2  3  4  5  6 |
---------------+-------------------+-----
Maces & Flails | 4 5 |  5.7
Armour         | 1 2 |  2.1
Fighting       | |  3.9
Dodging        | |  3.6
Stealth        | |  2.7

Action                   |  1- 3 |  4- 6 |  7- 9 || total
-------------------------+-------+-------+-------++-------
Melee: Mace              |    96 |    46 |       ||   142
       Flail             |       |    67 |       ||    67
       Morningstar       |       |    75 |     5 ||    80
  Use: Scroll            |     1 |     9 |       ||    10
       Potion            |       |       |     1 ||     1
 Stab: Sleeping          |     1 |     3 |       ||     4
  Eat: Ration            |     1 |     2 |       ||     3
Armor: Robe              |    15 |     2 |       ||    17
       Ring mail         |       |    25 |       ||    25
       Leather armour    |       |     1 |       ||     1
       Scale mail        |       |    12 |     3 ||    15
Dodge: Dodged            |    77 |   143 |    14 ||   234
